 Dungeon Crawl Stone Soup version 0.18.1-6-gd335043 (webtiles) character file.

2728 imganon the Severer (level 9, -20/69 (70) HPs)
             Began as a Hill Orc Berserker on May 18, 2016.
             Was a High Priest of Trog.
             Killed from afar by an orc sorcerer (37 damage)
             ... with a bolt of fire
             ... in a bailey.
             The game lasted 00:10:53 (6645 turns).

imganon the Severer (Hill Orc Berserker)            Turns: 6645, Time: 00:10:54

HP:   -20/69 (70)   AC:  9    Str: 23    XL:     9   Next: 67%
MP:   9/9           EV: 10    Int:  7    God:    Trog [*****.]
Gold: 497           SH:  0    Dex: 10    Spells: 0 memorised, 8 levels left

rFire  . . .     SeeInvis .     M - +3 hand axe
rCold  . . .     Gourm    .     o - +2 scale mail {rPois}
rNeg   + . .     Faith    .     (no shield)
rPois  +         Spirit   .     D - +0 helmet
rElec  .         Dismiss  .     (no cloak)
rCorr  .         Reflect  .     (no gloves)
SustAt .         Harm     .     (no boots)
MR     ++...                    (no amulet)
Stlth  ..........               u - ring of positive energy
                                Q - ring of flight

@: exhausted, regenerating, slowed, very slow, very resistant to hostile
enchantments, extremely unstealthy
A: no striking features
a: Berserk, Trog's Hand, Brothers in Arms, Burn Spellbooks, Renounce Religion,
Convert to Beogh, Evoke Flight


You were in a bailey.
You worshipped Trog.
Trog was extremely pleased with you.
You were very hungry.

You visited 1 branch of the dungeon, and saw 7 of its levels.
You also visited: Sewer, Ossuary and Bailey.

You collected 497 gold pieces.

Inventory:

Hand Weapons
 a - a +0 hand axe
 M - a +3 hand axe (weapon)
Armour
 o - a +2 scale mail of poison resistance (worn)
 x - a +0 hat
 D - a +0 helmet (worn)
Jewellery
 u - a ring of positive energy (right hand)
 Q - a ring of flight (left hand)
Wands
 b - a wand of iceblast (3/15)
 C - a wand of hasting (2/9)
 L - a wand of flame (31/48)
 P - a wand of iceblast (8/15)
 S - a wand of lightning (7/15)
Scrolls
 d - 5 scrolls of teleportation
 e - 3 scrolls of recharging {unknown}
 h - 7 scrolls of remove curse
 j - 5 scrolls of identify
 k - 5 scrolls of noise {unknown}
 n - a scroll of brand weapon {unknown}
 r - 4 scrolls of enchant armour {unknown}
 t - 2 scrolls of magic mapping {unknown}
 v - a scroll of torment {unknown}
 y - a scroll of enchant weapon {unknown}
 F - 2 scrolls of acquirement {unknown}
 G - a scroll of immolation {unknown}
 J - 2 scrolls of blinking {unknown}
 K - a scroll of amnesia {unknown}
 T - a scroll of fear {unknown}
Potions
 f - a potion of beneficial mutation {unknown}
 g - 3 potions of curing {unknown}
 i - 2 potions of flight {unknown}
 m - 3 potions of invisibility {unknown}
 p - a potion of cure mutation {unknown}
 q - 5 potions of agility {unknown}
 s - a potion of cancellation {unknown}
 w - a potion of berserk rage {unknown}
 z - a potion of magic {unknown}
 A - 5 potions of lignification {unknown}
 E - 2 potions of heal wounds {unknown}
 H - 3 potions of brilliance {unknown}
 I - a potion of might {unknown}
 N - 3 potions of resistance
 O - a potion of mutation {unknown}
Books
 B - a book of Fire

   Spells                             Type                      Level
   a - Ignite Poison                  Fire/Transmutation/Poison    3
   b - Fireball                       Conjuration/Fire             5
   c - Bolt of Fire                   Conjuration/Fire             6
   d - Delayed Fireball               Conjuration/Fire             7
   e - Ring of Flames                 Charms/Fire                  7
   Trog disapproves of the use of such an item.
 U - a book of Cantrips

   Spells                             Type                      Level
   a - Corona                         Hexes                        1
   b - Animate Skeleton               Necromancy                   1
   c - Summon Small Mammal            Summoning                    1
   d - Apportation                    Translocation                1
   Trog disapproves of the use of such an item.
Comestibles
 c - 4 bread rations
 l - 5 meat rations
 R - 7 chunks of flesh


   Skills:
 - Level 3.6 Fighting
 + Level 16.1 Axes
 - Level 2.1 Armour
 - Level 1.5 Dodging


You had 8 spell levels left.
You didn't know any spells.

Dungeon Overview and Level Annotations

Branches:
Dungeon (7/15)             Temple (0/1) D:5

Altars:
Ashenzari
Dithmenos
Elyvilon
Fedhas
Gozag
Kikubaaqudgha
Makhleb
Okawaru
Pakellas
Qazlal
Trog
Yredelemnul
The Shining One


Message History

You hit the sun demon but do no damage.
The sun demon is heavily wounded.
The red devil hits you from afar with a trident!
* * * LOW HITPOINT WARNING * * *
You hit the sun demon.
The sun demon is heavily wounded.
The sun demon completely misses you.
Unknown command.
You feel a strong urge to attack something.
You are no longer berserk.
You are exhausted.
You feel yourself slow down.
You are feeling very hungry.
The orc high priest mumbles some strange prayers.
You feel the effects of Trog's Hand fading.
The orc sorcerer gestures at you while chanting.
The bolt of fire hits the sun demon.
The sun demon completely resists.
The bolt of fire hits you!
Ouch! That really hurt!
You die...

#≈≈≈≈≈≈.# ######.≈≈≈≈≈.#
#......≈≈≈≈≈.#++####
##......≈≈≈≈≈.#.....#
..........)...'.....# g.o.#
∩..∩.....))...'..⌠..# 3o_.#
..........)...'.....# ..o.#
# ##......≈≈≈≈≈.#.....#
g...#..
#......≈≈≈≈≈.#'@#####....#..
######.≈≈≈≈≈.#...34.#....#:?
#≈≈≈≈≈≈.#......#g...#
#≈≈≈≈≈######...oo..# #≈≈≈≈≈#
#.8.8g8.+ #≈≈≈≈≈# #.......#
#≈≈≈≈≈# #######+# #≈≈≈≈≈#
#≈≈≈≈≈#


You could see an orc high priest, a sun demon, an orc sorcerer, a red devil and
a hobgoblin.

Vanquished Creatures
  The ghost of Statics the Ruffian, an amateur VSMo of Ru (D:3)
  Menkaure (Ossuary)
  An ice beast (D:6)
  A sky beast (D:5)
  A necrophage (D:5)
  A black bear (D:6)
  3 centaurs
  4 ogres
  The ghost of Statics the Sneak, an amateur DsAs (D:4)
  A crocodile (Sewer)
  Blork the orc (D:4)
  A big kobold (D:7)
  A giant frog (D:6)
  3 howler monkeys (D:4)
  A crimson imp (D:6)
  5 centaur zombies
  2 hounds
  An orc priest (D:7)
  Jessica (D:3)
  Ijyb (D:2)
  Natasha (thrice) (D:3)
  Terence (D:2)
  An iguana (D:5)
  3 worker ants (D:4)
  An ogre zombie (Ossuary)
  A hound zombie (D:7)
  A hound skeleton (D:6)
  6 mummies (Ossuary)
  Robin (D:4)
  10 adders
  10 gnolls
  A river rat (D:3)
  A shadow imp (D:7)
  5 adder zombies
  5 worms
  5 giant geckos
  11 orcs
  2 ball pythons
  12 bats
  9 giant cockroaches
  14 goblins
  15 hobgoblins
  4 jackals (D:4)
  2 quokkas (D:3)
  7 giant newts
  5 goblin zombies
  5 hobgoblin zombies (Ossuary)
  19 kobolds
  7 kobold zombies
  3 quokka zombies
  7 rats
  5 rat zombies
214 creatures vanquished.

Vanquished Creatures (others)
  An orc (D:6)
1 creature vanquished.

Grand Total: 215 creatures vanquished

Notes
Turn   | Place    | Note
--------------------------------------------------------------
     0 | D:1      | imganon the Hill Orc Berserker began the quest for the Orb.
     0 | D:1      | Reached XP level 1. HP: 19/19 MP: 1/1
    93 | D:1      | Reached XP level 2. HP: 25/26 MP: 2/2
   179 | D:1      | Reached skill level 5 in Axes
   240 | D:1      | Reached ** piety under Trog
   559 | D:1      | Reached XP level 3. HP: 29/31 MP: 3/3
  1032 | D:2      | Found a stormy altar of Qazlal.
  1041 | D:2      | Found a shattered altar of Ashenzari.
  1098 | D:2      | Reached skill level 6 in Axes
  1319 | D:2      | Noticed Terence
  1326 | D:2      | Killed Terence
  1326 | D:2      | Reached XP level 4. HP: 39/39 MP: 4/4
  1385 | D:2      | Reached skill level 7 in Axes
  1460 | D:2      | Noticed Ijyb
  1472 | D:2      | Killed Ijyb
  1472 | D:2      | Reached XP level 5. HP: 31/45 MP: 5/5
  1934 | D:2      | Found an oddly glowing altar of Pakellas.
  1941 | D:2      | Found a bloodstained altar of Trog.
  2147 | D:2      | Found a white marble altar of Elyvilon.
  2219 | D:3      | Noticed Statics's ghost (amateur VSMo)
  2226 | D:3      | Reached skill level 8 in Axes
  2232 | D:3      | Killed Statics's ghost
  2232 | D:3      | Reached skill level 9 in Axes
  2232 | D:3      | Reached XP level 6. HP: 51/51 MP: 6/6
  2287 | D:3      | Found an ancient bone altar of Kikubaaqudgha.
  2428 | D:3      | Found a blossoming altar of Fedhas.
  2550 | D:3      | Reached *** piety under Trog
  2560 | D:3      | Noticed Natasha
  2573 | D:3      | Killed Natasha
  2573 | D:3      | Reached skill level 10 in Axes
  2573 | D:3      | Reached XP level 7. HP: 18/57 MP: 7/7
  2736 | D:3      | Found a glowing drain.
  2740 | Sewer    | Entered a sewer
  3100 | D:3      | You fall through a shaft!
  3112 | D:4      | Noticed Blork the orc
  3121 | D:4      | Noticed Statics's ghost (amateur DsAs)
  3125 | D:4      | Killed Blork the orc
  3127 | D:4      | Reached skill level 11 in Axes
  3147 | D:4      | Killed Statics's ghost
  3256 | D:3      | Noticed Natasha
  3264 | D:3      | Killed Natasha
  3349 | D:3      | Reached XP level 8. HP: 63/64 MP: 8/8
  3416 | D:3      | Noticed Jessica
  3425 | D:3      | Killed Jessica
  3425 | D:3      | Reached **** piety under Trog
  3468 | D:3      | Noticed Natasha
  3481 | D:3      | Killed Natasha
  3481 | D:3      | Reached skill level 12 in Axes
  4053 | D:4      | Noticed Robin
  4070 | D:4      | Killed Robin
  4198 | D:5      | Entered Level 5 of the Dungeon
  4249 | D:5      | Found a sand-covered staircase.
  4263 | Ossuary  | Entered an ossuary
  4420 | Ossuary  | Noticed Menkaure
  4464 | Ossuary  | Killed Menkaure
  4514 | Ossuary  | Reached skill level 13 in Axes
  5067 | D:5      | Found a shadowy altar of Dithmenos.
  5108 | D:5      | Reached skill level 14 in Axes
  5174 | D:5      | Reached XP level 9. HP: 69/69 MP: 9/9
  5219 | D:5      | Found a staircase to the Ecumenical Temple.
  5658 | D:6      | Found a burning altar of Makhleb.
  5717 | D:6      | Reached skill level 15 in Axes
  5929 | D:6      | Found an opulent altar of Gozag.
  5976 | D:6      | Found a glowing golden altar of the Shining One.
  6034 | D:6      | Found a blossoming altar of Fedhas.
  6051 | D:6      | Found a runed door.
  6055 | D:6      | Found a basalt altar of Yredelemnul.
  6297 | D:6      | Found an iron altar of Okawaru.
  6362 | D:6      | You fall through a shaft!
  6447 | D:7      | Reached ***** piety under Trog
  6447 | D:7      | Reached skill level 16 in Axes
  6563 | D:7      | Found a flagged portal.
  6569 | Bailey   | Entered a bailey
  6629 | Bailey   | Found an iron altar of Okawaru.
  6629 | Bailey   | Noticed an orc high priest
  6629 | Bailey   | Noticed an orc sorcerer
  6630 | Bailey   | Noticed a sun demon
  6637 | Bailey   | Noticed a hellwing
  6638 | Bailey   | Noticed a red devil
  6645 | Bailey   | Killed from afar by an orc sorcerer

Skill      XL: |  1  2  3  4  5  6  7  8  9 |
---------------+----------------------------+-----
Axes           | 5 6 7 9 10 11 14 16 | 16.1
Fighting       | |  3.6
Armour         | |  2.1
Dodging        | |  1.5

Action                   |  1- 3 |  4- 6 |  7- 9 || total
-------------------------+-------+-------+-------++-------
Melee: Hand axe          |   117 |   145 |   696 ||   958
Invok: Berserk           |     1 |     1 |     6 ||     8
       Trog's Hand       |       |       |     1 ||     1
  Use: Scroll            |       |       |     3 ||     3
 Stab: Sleeping          |     1 |       |       ||     1
  Eat: Chunk             |     1 |     7 |    14 ||    22
       Bread ration      |       |       |     1 ||     1
Armor: Animal skin       |    23 |     4 |       ||    27
       Scale mail        |       |    39 |   245 ||   284
Dodge: Dodged            |    76 |    65 |   281 ||   422
